 Dungeon Crawl Stone Soup version 0.21-a0-59-g7b0e191 (webtiles) character file.

181 Duffy the Covered (level 5, 0/33 HPs)
             Began as a Gargoyle Fighter on June 16, 2017.
             Slain by Purgy (2 damage)
             ... on level 2 of the Dungeon.
             The game lasted 00:02:03 (2972 turns).

Duffy the Covered (Gargoyle Fighter)                Turns: 2972, Time: 00:02:04

Health: 0/33       AC: 13    Str: 20    XL:     5   Next: 61%
Magic:  5/5        EV:  7    Int:  9    God:
Gold:   58         SH:  9    Dex:  9    Spells: 4/4 levels left

rFire    . . .     SeeInvis .   a - +0 war axe
rCold    . . .     Gourm    .   c - +0 shield
rNeg     + . .     Faith    .   b - +0 scale mail
rPois    ∞         Spirit   .   j - +0 helmet
rElec    +         Reflect  .   (no cloak)
rCorr    .         Harm     .   (no gloves)
MR       .....                  l - +0 pair of boots
Stlth    ..........             (no amulet)
HPRegen  0.11/turn              (no ring)
MPRegen  0.09/turn              (no ring)

@: no status effects
A: negative energy resistance 1, electricity resistance, unbreathing,
petrification resistance, rot immunity, AC +4
a: no special abilities


You were on level 2 of the Dungeon.
You were not hungry.

You visited 1 branch of the dungeon, and saw 3 of its levels.

You collected 58 gold pieces.

Inventory:

Hand Weapons
 a - a +0 war axe (weapon)
 q - a +1 whip of electrocution
Missiles
 p - 8 silver javelins
 r - 2 throwing nets (quivered)
Armour
 b - a +0 scale mail (worn)
 c - a +0 shield (worn)
 j - a +0 helmet (worn)
 l - a +0 pair of boots (worn)
Wands
 k - a wand of lightning (3/15)
Scrolls
 e - a scroll of teleportation {unknown}
 h - a scroll of identify {unknown}
 m - a scroll of random uselessness {unknown}
 s - 2 scrolls of enchant armour {unknown}
Potions
 d - a potion of might
 g - 2 potions of brilliance {unknown}
 i - a potion of ambrosia {unknown}
 o - a potion of mutation {unknown}
Comestibles
 f - a bread ration
 t - a royal jelly


   Skills:
 + Level 4.1 Fighting
 * Level 3.4 Axes
 + Level 4.1 Armour
 + Level 4.1 Shields


You had 4 spell levels left.
You didn't know any spells.

Dungeon Overview and Level Annotations

Branches:
Dungeon (3/15)

Altars:
Dithmenos

Annotations:
D:1 Dig
D:2 Purgy
D:3 Duffy's ghost, amateur OpWz


Innate Abilities, Weirdness & Mutations

You are resistant to torment.
Your stone body is resilient. (AC +4)
You are immune to poison.
You resist negative energy. (rN+)
You are resistant to electric shocks. (rElec)
You can survive without breathing.
You are immune to petrification.
You are immune to rotting.


Message History

You block Purgy's attack.
Your shield and scale mail prevent you from hitting Purgy.
Purgy is severely wounded.
Purgy bites you but does no damage. You block Purgy's attack.
Purgy claws you but does no damage.
You hit Purgy.
Purgy is severely wounded.
Purgy closely misses you. Purgy barely misses you.
Purgy claws you but does no damage. Purgy completely misses you.
Purgy claws you but does no damage. You block Purgy's attack.
You barely miss Purgy.
Purgy is severely wounded.
Purgy bites you. Purgy claws you but does no damage. x2
You closely miss Purgy.
Purgy is severely wounded.
You block Purgy's attack. Purgy claws you but does no damage. x2
You miss Purgy.
Purgy is severely wounded.
Purgy bites you but does no damage. You block Purgy's attack. Purgy claws you.
You die...

.# #....# #..# .# ######
#..# .# ######### #..# .#
........# ##.## .# ........#
#..# ## ........######..##
.................#
.......T......[..##
#######@..........#
#...........# ######
#....)...#..# #....#
#........#..# #....#
#........##.# #....#
#........##.#
#....###........##.#
########....[.........(##.#
#.......###............##.##


You could see Purgy.

Vanquished Creatures
  Ijyb (D:3)
  8 gnolls
  2 adders (D:2)
  3 oozes
  A dart slug (D:1)
  3 leopard geckos (D:1)
  An orc (D:3)
  A ball python (D:1)
  A giant cockroach (D:2)
  4 goblins
  5 hobgoblins (D:1)
  2 jackals (D:1)
  A quokka (D:2)
  A bat (D:2)
  5 frilled lizards
  4 kobolds
  6 rats
49 creatures vanquished.

Notes
Turn   | Place    | Note
-------+----------+-------------------------------------------
     0 | D:1      | Duffy the Gargoyle Fighter began the quest for the Orb.
     0 | D:1      | Reached XP level 1. HP: 14/14 MP: 1/1
    70 | D:1      | Reached XP level 2. HP: 19/19 MP: 2/2
   362 | D:3      | Noticed Ijyb
   380 | D:3      | Killed Ijyb
   380 | D:3      | Reached XP level 3. HP: 13/23 MP: 3/3
   587 | D:3      | Noticed Duffy's ghost (amateur OpWz)
   832 | D:3      | Noticed Purgy
  1220 | D:1      | Reached XP level 4. HP: 28/28 MP: 4/4
  2375 | D:2      | Reached XP level 5. HP: 20/33 MP: 5/5
  2531 | D:2      | Found a shadowy altar of Dithmenos.
  2970 | D:2      | HP: 1/33 [Purgy (2)]
  2972 | D:2      | Slain by Purgy

Vault maps used:
D:1:      roderic_octagonal_star, due_unseen_surprise
D:2:      lemuel_doored_altar
D:3:      hangedman_decor_points, fountainhead, minmay_shallow_snake_nest,
          uniq_grinder, uniq_ijyb, uniq_purgy

Skill      XL: |  1  2  3  4 |
---------------+-------------+-----
Axes           | 2 3 |  3.4
Armour         | 4 |  4.1
Shields        | 4 |  4.1
Fighting       | 4 |  4.1

Action                   |  1- 3 |  4- 6 || total
-------------------------+-------+-------++-------
Melee: War axe           |    69 |   130 ||   199
Throw: Throwing net      |     1 |       ||     1
  Eat: Chunk             |     1 |     6 ||     7
Armor: Scale mail        |    35 |   112 ||   147
Dodge: Dodged            |    34 |    59 ||    93
Block: Shield            |    48 |    89 ||   137
